 Dungeon Crawl Stone Soup version 0.16.3-4-gc506b73efe (webtiles) character file.

94662 faibistes the Eclecticist (level 15, -5/72 HPs)
             Began as a Deep Elf Wizard on Oct 7, 2023.
             Was the Champion of Sif Muna.
             Killed from afar by a deep elf conjurer (41 damage)
             ... with a bolt of lightning
             ... on level 1 of the Elven Halls.
             The game lasted 02:07:32 (41745 turns).

faibistes the Eclecticist (Deep Elf Wizard)        Turns: 41745, Time: 02:07:32

Health: -5/72      AC: 10    Str:  4    XL:     15   Next: 64%
Magic:  41/50      EV: 17    Int: 36    God:    Sif Muna [******]
Gold:   1664       SH:  0    Dex: 13    Spells: 13 memorised, 5 levels left

rFire  . . .     SeeInvis .     w - +9 dagger (venom)
rCold  . . .     Clarity  +     V - +2 robe {MR+}
rNeg   . . .     SustAb   .     (no shield)
rPois  .         Gourm    .     b - +0 hat
rElec  .         Spirit   .     a - +1 cloak
rCorr  .         Warding  .     C - +2 pair of gloves
rMut   .         Stasis   .     u - +0 pair of boots
MR     ++...                    (no amulet)
Stlth  ++........               K - ring of magical power
                                A - +6 ring of intelligence

@: very resistant to hostile enchantments, unstealthy
A: clarity
a: Channel Energy, Forget Spell, Renounce Religion


You were on level 1 of the Elven Halls.
You worshipped Sif Muna.
Sif Muna was exalted by your worship.
You were not hungry.

You visited 5 branches of the dungeon, and saw 30 of its levels.
You also visited: Ossuary.

You collected 2618 gold pieces.
You spent 954 gold pieces at shops.

Inventory:

Hand weapons
 w - a +9 dagger of venom (weapon)
Armour
 a - a +1 cloak (worn)
 b - a +0 hat (worn)
 u - a +0 pair of boots (worn)
 C - a +2 pair of gloves (worn)
 V - a +2 robe of magic resistance (worn)
Magical staves
 N - an uncursed staff of poison
Jewellery
 j - an uncursed ring of sustain abilities
 r - an uncursed ring of positive energy
 y - the ring "Blieroin" {+Inv Int+2 SInv}
   (You bought it in a shop on level 4 of the Orcish Mines)

   [ring of see invisible]

   It affects your intelligence (+2).
   It enhances your eyesight.
   It lets you turn invisible.
 A - a +6 ring of intelligence (left hand)
 K - a ring of magical power (right hand)
 T - an uncursed ring of fire
 Z - an uncursed ring of protection from cold
Magical devices
 m - a wand of confusion (25)
 p - a wand of cold (10)
 L - a wand of teleportation (2)
 M - a wand of disintegration (11)
 R - a wand of draining (9)
 S - a wand of disintegration (4)
 U - a wand of invisibility (3)
Scrolls
 c - 2 scrolls of fear
 e - 10 scrolls of identify
 h - 8 scrolls of teleportation
 o - 5 scrolls of remove curse
 s - 4 scrolls of blinking
 E - 5 scrolls of recharging
 I - a scroll of magic mapping
 P - 4 scrolls of fog
 Y - 2 scrolls of immolation
Potions
 g - 7 potions of flight
 i - 5 potions of heal wounds
 l - 3 potions of magic
 n - 4 potions of haste
 q - 8 potions of restore abilities
 x - 7 potions of curing
 z - 2 potions of ambrosia
 B - 3 potions of cancellation
 F - 5 potions of brilliance
 H - 2 potions of cure mutation
 O - a potion of invisibility
 W - a potion of resistance
Books
 f - a book of Control

   Spells                             Type                      Level
   a - Control Teleport               Charms/Translocation         4
   b - Control Undead                 Necromancy                   4
   c - Enslavement                    Hexes                        4
   d - Metabolic Englaciation         Hexes/Ice                    5
   e - Mass Confusion                 Hexes                        6
Comestibles
 d - 12 bread rations
 k - 29 fruits
 v - 4 royal jellies
 D - 16 meat rations
 J - 4 beef jerkies


   Skills:
 - Level 10.0 Dodging
 - Level 2.4 Stealth
 * Level 18.2 Spellcasting
 + Level 11.9 Conjurations
 - Level 1.1 Summonings
 - Level 2.0 Necromancy
 - Level 3.5 Translocations
 * Level 11.6 Fire Magic
 - Level 5.1 Air Magic
 * Level 11.6 Earth Magic
 - Level 3.7 Poison Magic
 - Level 10.3 Invocations
 - Level 9.0 Evocations


You had 5 spell levels left.
You knew the following spells:

 Your Spells              Type           Power        Failure   Level  Hunger
a - Iron Shot             Conj/Erth      #######...   1%          6    None
b - Conjure Flame         Conj/Fire      #######.     1%          3    None
c - Call Imp              Summ           #####...     1%          2    None
d - Blink                 Tloc           N/A          1%          2    None
e - Mephitic Cloud        Conj/Pois/Air  ######..     1%          3    None
f - Repel Missiles        Chrm/Air       ######       1%          2    None
g - Bolt of Magma         Conj/Fire/Erth #######...   1%          5    None
i - Magic Dart            Conj           ####         0%          1    None
k - Animate Skeleton      Necr           N/A          1%          1    None
l - Lee's Rapid Deconstr  Erth           #######...   1%          5    None
v - Bolt of Fire          Conj/Fire      #######...   1%          6    None
x - Force Lance           Conj/Tloc      ######..     1%          4    None
z - Fireball              Conj/Fire      #######...   1%          5    None


Dungeon Overview and Level Annotations

Branches:
Dungeon (15/15) Temple (1/1) D:6 Lair (8/8) D:10 Shoals (0/5) Lair:4 Snake (0/5) Lair:3 Lair:6 Slime (0/6) Lair:6 Orc (4/4) D:12 Elf (2/3) Orc:3 Vaults: D:13-14 Depths: D:15

Altars:
Ashenzari
Cheibriados
Dithmenos
Elyvilon
Fedhas
Gozag
Kikubaaqudgha
Makhleb
Nemelex Xobeh
Okawaru
Qazlal
Ru
Sif Muna
Trog
Vehumet
Xom
Yredelemnul
Zin
The Shining One

Shops:
D:7 :}   D:10 =!*   D:12 [   Orc:4 %((%(?*[*


Innate Abilities, Weirdness & Mutations

You possess an exceptional clarity of mind.


Message History

The deep elf conjurer is knocked back by the lance of force.
The deep elf mage points at you and mumbles some strange words.
The shard of ice hits you!
The deep elf fighter shoots an arrow.
The arrow is repelled.
You feel less protected from missiles.
Casting: Force Lance
Confirm with . or Enter, or press ? or * to list all spells.
Aiming: Fireball
Press: ? - help, Shift-Dir - straight line, p - deep elf conjurer The fireball explodes!
The fireball engulfs the deep elf fighter.
The deep elf fighter is almost dead.
The fireball engulfs the deep elf mage.
You kill the deep elf mage!
The deep elf fighter casts a spell at you.
The puff of flame hits you!
The deep elf conjurer points at you and mumbles some strange words.
The bolt of lightning hits you! x2
Ouch! That really hurt!
You die...

#..# +... .....# .....
......# .e)... +#####+
....... ......#
....... ....# ..e....
#### #..## ##'.....+
♣..## #######@# #.).#
###.....'## ##..#
#.>.......#
.#..####.........#
.'.).#.'....)....#
)))..).#.........#
.'...###.........###+#
.#.)##
###.....)##...## ##..#
######.###(.....##


You could see a deep elf conjurer and a deep elf fighter.

Vanquished Creatures
  Rupert (Lair:8)
  A deep elf sorcerer (Elf:2)
  The ghost of faibistes the Thaumaturge, a powerful DEWz of Sif Muna (Lair:8)
  A deep elf high priest (Elf:1)
  Fannar (Lair:6)
  An ogre mage (Orc:4)
  A catoblepas (Lair:8)
  9 hydras
  15 death yaks
  The ghost of faibistes the Thaumaturge, a powerful DEWz of Sif Muna (Lair:2)
  2 orc high priests (Orc:4)
  A deep elf knight (Elf:2)
  8 skeletal warriors
  6 hill giants
  3 deep elf summoners (Elf:1)
  2 deep elf conjurers
  A manticore (D:12)
  A griffon (Lair:6)
  4 orc knights (Orc:4)
  2 sirens (Lair:4)
  4 orc sorcerers
  A sixfirhy (Elf:2)
  8 elephants
  7 black mambas
  Maurice (Orc:4)
  3 ugly things
  9 spiny frogs
  A small abomination (Elf:1)
  2 torpor snails (Lair:7)
  Psyche (Orc:1)
  7 komodo dragons
  4 fire drakes
  2 spriggan druids (Lair:8)
  8 deep elf priests
  5 trolls
  Sonja (Orc:4)
  A two-headed ogre (Orc:4)
  6 polar bears
  2 slime creatures (Lair:5)
  5 blink frogs
  A raven (D:11)
  A boulder beetle (Lair:8)
  A basilisk (Lair:6)
  7 spriggans (Lair:8)
  3 wyverns
  3 fire elementals
  A black mamba skeleton (Lair:8)
  6 deep elf magi
  2 hungry ghosts
  Eustachio (D:4)
  3 redbacks (Lair:8)
  29 yaks
  4 deep elf fighters
  14 water moccasins
  7 vampire mosquitoes
  A warg (Orc:3)
  6 hippogriffs
  11 wolves
  An insubstantial wisp (Lair:2)
  A necrophage (D:9)
  20 orc warriors
  A soldier ant (Orc:1)
  4 nagas
  11 porcupines
  A spiny frog skeleton (Lair:1)
  2 ice beasts
  8 sky beasts
  15 ogres
  3 phantoms
  6 black bears
  An elephant skeleton (Lair:6)
  6 centaurs
  2 wasps (Lair:8)
  3 big kobolds
  22 crocodiles
  Duvessa (D:7)
  16 giant frogs
  A water moccasin zombie (D:10)
  2 water moccasin skeletons
  7 scorpions
  6 killer bees (D:11)
  10 wights
  3 yak skeletons
  A spriggan skeleton (D:9)
  4 crimson imps
  A vampire bat (Lair:7)
  8 goliath beetles
  3 electric eels (Lair:6)
  7 jellies
  Dowan (D:7)
  9 hounds
  4 quasits
  A giant frog zombie (D:5)
  3 wolf skeletons
  2 giant frog skeletons
  11 iguanas
  23 orc priests
  2 centaur skeletons
  37 orc wizards
  11 worker ants
  13 sheep
  Ijyb (D:4)
  A killer bee zombie (D:7)
  3 hound zombies
  A hound skeleton (D:8)
  12 mummies
  A worker ant zombie (D:6)
  5 gnolls
  51 river rats
  32 adders
  A worm (D:3)
  2 giant mites
  3 shadow imps
  12 white imps (Orc:4)
  An ufetubus (Elf:2)
  An adder zombie (D:6)
  A sheep skeleton (Lair:5)
  An adder skeleton (D:10)
  An iguana skeleton (Lair:1)
  5 giant geckos
  158 orcs
  7 ball pythons
  21 bats
  18 goblins
  24 hobgoblins
  12 jackals
  9 quokkas
  4 giant cockroaches
  A giant cockroach zombie (D:5)
  A giant gecko zombie (D:7)
  4 giant newts
  A giant spore (D:7)
  A gnoll skeleton (Ossuary)
  2 goblin skeletons (Ossuary)
  30 kobolds
  2 kobold skeletons (Ossuary)
  6 orc skeletons
  12 rats
  11 rat skeletons
  6 ballistomycetes
  A bush (Lair:8)
  A crawling corpse (Elf:1)
  3 fungi
  2 plants
1007 creatures vanquished.

Vanquished Creatures (collateral kills)
  Harold (Lair:8)
  The ghost of faibistes the Thaumaturge, a powerful DEWz of Sif Muna (Lair:4)
  An orc high priest (Orc:4)
  3 death yaks
  Nergalle (Lair:1)
  A hill giant (D:11)
  A griffon (Lair:8)
  3 spiny frogs
  A polar bear (Lair:8)
  A spriggan druid (Lair:5)
  9 blink frogs
  A basilisk (Lair:1)
  4 yaks
  3 hippogriffs
  2 hungry ghosts
  11 wolves (Lair:8)
  8 water moccasins
  2 porcupines
  An orc warrior (Orc:4)
  A black bear (Lair:8)
  4 crocodiles
  4 giant frogs
  A scorpion (D:9)
  A vampire bat (Lair:7)
  4 wights
  An electric eel (Lair:4)
  2 orc priests
  A goliath beetle (D:10)
  An iron imp (Lair:4)
  A crimson imp (Lair:4)
  4 iguanas
  A hound (Lair:7)
  12 river rats
  4 sheep
  4 adders
  An orc skeleton (Orc:4)
  A worm (D:2)
  8 orcs
  A goblin (Orc:4)
  2 jackals (D:1)
  A kobold (D:10)
  4 bats (Lair:7)
  2 quokkas
  4 rat skeletons (Orc:4)
  4 ballistomycetes (D:11)
  A butterfly (Lair:3)
  10 fungi
  6 plants
146 creatures vanquished.

Vanquished Creatures (others)
  A catoblepas skeleton (Lair:8)
  A hydra skeleton (Lair:8)
  A fire vortex (Lair:6)
  An ugly thing skeleton (D:11)
  2 black mamba skeletons (Lair:7)
  2 spiny frog skeletons
  3 blink frog skeletons
  A human skeleton (Lair:8)
  2 elephant skeletons
  3 fire drake skeletons (Lair:6)
  A komodo dragon skeleton (Lair:7)
  A wyvern skeleton (D:10)
  5 water moccasin skeletons
  A polar bear skeleton (Lair:5)
  A spriggan skeleton (Lair:8)
  A troll skeleton (Orc:4)
  13 yak skeletons
  A crimson imp (D:2)
  A quasit (D:6)
  3 giant frog skeletons
  A black bear skeleton (Lair:8)
  2 porcupine skeletons
  8 crocodile skeletons
  An ogre skeleton (Orc:4)
  A naga skeleton (Lair:3)
  A big kobold skeleton (D:11)
  A white imp (D:3)
  An adder skeleton (Lair:3)
  An iguana skeleton (Lair:2)
  22 river rat skeletons
  2 sheep skeletons
  An orc (D:7)
  3 giant spores
  A hobgoblin skeleton (Lair:1)
  5 kobold skeletons
  13 orc skeletons
  6 rat skeletons
  3 ballistomycetes
  22 fungi
  6 plants
146 creatures vanquished.

Grand Total: 1299 creatures vanquished

Notes
Turn   | Place    | Note
--------------------------------------------------------------
     0 | D:1      | faibistes, the Deep Elf Wizard, began the quest for the Orb.
     0 | D:1      | Reached XP level 1. HP: 10/10 MP: 6/6
   326 | D:1      | Reached XP level 2. HP: 15/15 MP: 1/10
   413 | D:1      | Reached skill level 5 in Spellcasting
   442 | D:1      | Learned a level 2 spell: Blink
   445 | D:1      | Learned a level 2 spell: Call Imp
   659 | D:1      | Reached XP level 3. HP: 8/19 MP: 2/14
   664 | D:1      | Learned a level 3 spell: Conjure Flame
   668 | D:1      | Learned a level 3 spell: Mephitic Cloud
  1716 | D:2      | Learned a level 2 spell: Repel Missiles
  2144 | D:2      | Reached XP level 4. HP: 24/24 MP: 17/17
  2209 | D:2      | You fall through a shaft for 2 floors!
  2313 | D:4      | Noticed Ijyb
  2331 | D:4      | Killed Ijyb
  2331 | D:4      | Reached skill level 6 in Spellcasting
  2421 | D:4      | Reached XP level 5. HP: 28/28 MP: 4/20
  2697 | D:5      | Entered Level 5 of the Dungeon
  2711 | D:3      | Found a bloodstained altar of Trog.
  2798 | D:3      | Reached XP level 6. HP: 32/32 MP: 16/22
  2839 | D:3      | Reached skill level 7 in Spellcasting
  3309 | D:3      | Found a sparkling altar of Nemelex Xobeh.
  3807 | D:2      | Found a stormy altar of Qazlal.
  3809 | D:2      | Noticed a water elemental
  3810 | D:2      | Noticed a fire elemental
  3810 | D:2      | Noticed an earth elemental
  3810 | D:2      | Noticed an air elemental
  3962 | D:4      | Noticed Eustachio
  3976 | D:4      | Killed Eustachio
  3976 | D:4      | Reached XP level 7. HP: 36/36 MP: 17/25
  4103 | D:4      | Reached skill level 8 in Spellcasting
  4319 | D:4      | Reached skill level 5 in Dodging
  4559 | D:5      | Noticed an ice beast
  4598 | D:5      | Killed an ice beast
  4598 | D:5      | Reached skill level 1 in Air Magic
  4737 | D:5      | Found a blossoming altar of Fedhas.
  4743 | D:5      | Reached skill level 1 in Poison Magic
  4849 | D:6      | Found a sand-covered staircase.
  4856 | Ossuary  | Entered an ossuary
  6179 | Ossuary  | Reached XP level 8. HP: 41/41 MP: 14/28
  6298 | D:6      | Reached skill level 9 in Spellcasting
  6298 | D:6      | Reached skill level 5 in Conjurations
  6512 | D:6      | Found a staircase to the Ecumenical Temple.
  6521 | Temple   | Entered the Ecumenical Temple
  7032 | D:5      | Noticed an ogre
  7040 | D:5      | Killed an ogre
  7104 | D:5      | Noticed a black bear
  7123 | D:5      | Killed a black bear
  7194 | D:5      | Gained mutation: You possess an exceptional clarity of mind. [potion of beneficial mutation]
  7392 | D:5      | Noticed a black bear
  7778 | D:6      | Reached XP level 9. HP: 45/45 MP: 6/30
  8026 | D:7      | Reached skill level 10 in Spellcasting
  8946 | D:6      | Reached skill level 11 in Spellcasting
  9125 | D:6      | Found a glowing golden altar of the Shining One.
  9129 | D:6      | Found a deep blue altar of Sif Muna.
  9131 | D:6      | Found a sparkling altar of Nemelex Xobeh.
  9138 | D:6      | Became a worshipper of Sif Muna the Loreminder
  9273 | D:7      | Reached skill level 1 in Fire Magic
  9279 | D:7      | Reached skill level 1 in Invocations
  9393 | D:7      | Found Midaolot's Gadget Emporium.
  9444 | D:7      | Noticed Dowan
  9462 | D:7      | Noticed Duvessa
  9463 | D:7      | Killed Dowan
  9480 | D:7      | Killed Duvessa
  9650 | D:8      | Got a bloodstained flail
  9887 | D:7      | Identified the +1 flail of Bluerchih {freeze, rF++ MR+} (You found it on level 8 of the Dungeon)
  9920 | D:7      | Found a glowing silver altar of Zin.
 10271 | D:7      | Found Muikhauh's Book Boutique.
 10279 | D:7      | Bought a book of Cantrips for 200 gold pieces
 10281 | D:7      | Learned a level 1 spell: Animate Skeleton
 10440 | D:7      | Reached XP level 10. HP: 50/50 MP: 23/32
 10914 | D:8      | Found a deep blue altar of Sif Muna.
 10979 | D:8      | Acquired Sif Muna's first power
 11578 | D:10     | Entered Level 10 of the Dungeon
 12212 | D:9      | Found a staircase to the Orcish Mines.
 12223 | D:9      | Reached skill level 12 in Spellcasting
 12593 | D:9      | Reached skill level 1 in Necromancy
 13007 | D:9      | Reached skill level 5 in Fire Magic
 13467 | D:9      | Got an ichor-stained dagger
 13468 | D:9      | Identified the +8 dagger of Wouge {drain, rF+ Str+5} (You found it on level 9 of the Dungeon)
 13551 | D:9      | Reached skill level 1 in Evocations
 13586 | D:9      | Found a runed door.
 14220 | D:10     | Found a staircase to the Lair.
 14340 | D:10     | Noticed an elephant
 14385 | D:10     | Killed an elephant
 14385 | D:10     | Acquired Sif Muna's second power
 14679 | D:10     | Reached XP level 11. HP: 54/54 MP: 22/34
 14951 | D:10     | Reached skill level 5 in Invocations
 14997 | D:11     | Noticed a brown ugly thing
 15002 | D:11     | Killed a brown ugly thing
 15174 | D:10     | Noticed a hill giant
 15189 | D:10     | Killed a hill giant
 15271 | D:10     | Noticed a hill giant
 15278 | D:10     | Killed a hill giant
 15278 | D:10     | Reached skill level 13 in Spellcasting
 15502 | D:10     | Found Bikiax's Jewellery Shoppe.
 15509 | D:10     | Bought an uncursed ring of magical power for 300 gold pieces
 15659 | D:10     | Noticed a hill giant
 15669 | D:10     | Killed a hill giant
 15735 | D:11     | Noticed a skeletal warrior
 15735 | D:11     | Noticed a skeletal warrior
 15735 | D:11     | Noticed a skeletal warrior
 15807 | D:10     | Found Wybes' Distillery.
 15860 | D:10     | Found Khoxtias' Assorted Antiques.
 16272 | Lair:1   | Entered Level 1 of the Lair of Beasts
 16899 | Lair:1   | Got a shimmering falchion
 16900 | Lair:1   | Identified the +5 falchion of the Present {venom, MR+ Int+3 Dex-2} (You found it on level 1 of the Lair of Beasts)
 17536 | Lair:1   | Noticed Nergalle
 17562 | Lair:1   | Killed Nergalle
 18475 | Lair:1   | Your ally Nergalle died
 18954 | Lair:2   | Learned a level 5 spell: Fireball
 18960 | Lair:2   | Learned a level 5 spell: Lightning Bolt
 18970 | Lair:2   | Learned a level 9 spell: Shatter
 19056 | Lair:2   | Reached skill level 1 in Earth Magic
 19056 | Lair:2   | Reached XP level 12. HP: 59/59 MP: 29/36
 19813 | Lair:2   | Reached skill level 14 in Spellcasting
 19828 | Lair:2   | Noticed faibistes' ghost (powerful DEWz)
 19833 | Lair:2   | Killed faibistes' ghost
 19833 | Lair:2   | Acquired Sif Muna's third power
 19833 | Lair:2   | Reached skill level 10 in Dodging
 20151 | Lair:2   | Noticed a four-headed hydra
 20157 | Lair:2   | Killed a four-headed hydra
 20157 | Lair:2   | Reached skill level 5 in Air Magic
 20901 | Lair:3   | Noticed a five-headed hydra
 20926 | Lair:3   | Killed a five-headed hydra
 21159 | Lair:3   | Found a staircase to the Snake Pit.
 21633 | Lair:4   | Noticed an eight-headed hydra
 21640 | Lair:4   | Killed an eight-headed hydra
 21640 | Lair:4   | Reached skill level 5 in Evocations
 21761 | Lair:4   | Noticed a five-headed hydra
 21767 | Lair:4   | Killed a five-headed hydra
 21767 | Lair:4   | Reached skill level 5 in Earth Magic
 22489 | Lair:4   | Noticed faibistes' ghost (powerful DEWz)
 22506 | Lair:4   | Killed faibistes' ghost
 22845 | Lair:4   | Found a staircase to the Shoals.
 23082 | Lair:4   | Reached XP level 13. HP: 63/63 MP: 24/37
 23740 | Lair:5   | Noticed a seven-headed hydra
 23745 | Lair:5   | Killed a seven-headed hydra
 24154 | Lair:6   | Found a staircase to the Slime Pits.
 24696 | Lair:6   | Reached skill level 15 in Spellcasting
 26129 | Lair:7   | Received a gift from Sif Muna
 26130 | Lair:7   | Identified Baepiv Delle's Almanac of Virous Attacks (Sif Muna gifted it to you on level 7 of the Lair of Beasts)
 26140 | Lair:6   | Learned a level 5 spell: Bolt of Magma
 26465 | Lair:8   | Entered Level 8 of the Lair of Beasts
 26488 | Lair:8   | Noticed Rupert
 27064 | Lair:7   | Reached skill level 10 in Invocations
 27241 | Lair:6   | Noticed Fannar
 27244 | Lair:6   | Killed Fannar
 27499 | Lair:7   | Reached skill level 10 in Conjurations
 27752 | Lair:6   | Found a staircase to the Snake Pit.
 28450 | Lair:6   | Got a pitted battleaxe
 28456 | Lair:6   | Identified the +6 battleaxe of Khepitza {chop, rF+ rC+ SInv} (You found it on level 6 of the Lair of Beasts)
 28973 | Lair:7   | Found a snail-covered altar of Cheibriados.
 29231 | Lair:8   | Noticed faibistes' ghost (powerful DEWz)
 29237 | Lair:8   | Killed faibistes' ghost
 29237 | Lair:8   | Reached XP level 14. HP: 49/68 MP: 14/38
 29305 | Lair:7   | Reached skill level 16 in Spellcasting
 29781 | Lair:8   | Killed Rupert
 29899 | Lair:8   | Noticed Harold
 29907 | Lair:8   | Killed Harold
 29914 | Lair:8   | Received a gift from Sif Muna
 29979 | Lair:8   | Learned a level 6 spell: Iron Shot
 30240 | Lair:8   | Your ally Harold died
 31873 | D:11     | Reached skill level 10 in Fire Magic
 31919 | D:11     | Killed a skeletal warrior
 31919 | D:11     | Reached skill level 17 in Spellcasting
 31939 | D:11     | Killed a skeletal warrior
 31939 | D:11     | Reached skill level 10 in Earth Magic
 31943 | D:11     | Killed a skeletal warrior
 32208 | D:11     | Noticed a skeletal warrior
 32209 | D:11     | Noticed a skeletal warrior
 32212 | D:11     | Killed a skeletal warrior
 32215 | D:11     | Killed a skeletal warrior
 32215 | D:11     | Received a gift from Sif Muna
 32216 | D:11     | Identified Sif Muna's Disquisition on Dusty Battle Magic (Sif Muna gifted it to you on level 11 of the Dungeon)
 32224 | D:11     | Noticed a seven-headed hydra
 32245 | D:11     | Killed a seven-headed hydra
 32510 | D:12     | Found Twifiori's Armour Emporium.
 32732 | D:12     | Found a staircase to the Orcish Mines.
 32819 | D:10     | Learned a level 5 spell: Lee's Rapid Deconstruction
 32826 | D:10     | Learned a level 6 spell: Bolt of Fire
 33410 | D:11     | Noticed a white ugly thing
 33413 | D:11     | Killed a white ugly thing
 34164 | D:15     | Entered Level 15 of the Dungeon
 34521 | D:12     | Reached XP level 15. HP: 72/72 MP: 36/40
 35255 | Orc:1    | Entered Level 1 of the Orcish Mines
 35255 | Orc:1    | Noticed Psyche
 35257 | Orc:1    | Killed Psyche
 36028 | Orc:4    | Entered Level 4 of the Orcish Mines
 36145 | Orc:4    | Found an iron altar of Okawaru.
 36178 | Orc:3    | Found a staircase to the Elven Halls.
 38290 | Orc:4    | Found Watimit's Assorted Antiques.
 38302 | Orc:4    | Bought a scroll labeled NASONA KHELEX for 34 gold pieces
 38302 | Orc:4    | Bought a scroll labeled RIBUTWIUDE for 34 gold pieces
 38302 | Orc:4    | Bought a sparkling lead ring for 170 gold pieces
 38306 | Orc:4    | Identified the ring "Blieroin" {+Inv Int+2 SInv} (You bought it in a shop on level 4 of the Orcish Mines)
 38467 | Orc:4    | Noticed Sonja
 38467 | Orc:4    | Killed Sonja
 38479 | Orc:4    | Found Usiv's Magic Scroll Shop.
 38489 | Orc:4    | Bought a scroll of teleportation for 36 gold pieces
 38489 | Orc:4    | Bought a scroll of enchant weapon for 90 gold pieces
 38489 | Orc:4    | Bought a scroll of enchant weapon for 90 gold pieces
 38495 | Orc:4    | Found Blavuge's Assorted Antiques.
 38513 | Orc:4    | Found Not Xoy's Antique Armour Shoppe.
 38938 | Orc:4    | Noticed Maurice
 38947 | Orc:4    | Killed Maurice
 38947 | Orc:4    | Received a gift from Sif Muna
 38948 | Orc:4    | Identified Frony's Grimoire of Battle Magic and the Traveller (Sif Muna gifted it to you on level 4 of the Orcish Mines)
 39057 | Orc:4    | Learned a level 4 spell: Force Lance
 39500 | Orc:4    | Your ally Sonja died
 39874 | Orc:4    | Found Staluulouj's Antique Weapon Boutique.
 39874 | Orc:4    | Found Suaphio's Antique Weapon Emporium.
 39875 | Orc:4    | Found Teant's Food Boutique.
 39875 | Orc:4    | Found Okozou Xootu's Weapon Emporium.
 39962 | Orc:4    | Found Ydwirabit's Food Shop.
 40659 | Elf:1    | Entered Level 1 of the Elven Halls
 41181 | Elf:2    | Reached skill level 18 in Spellcasting
 41745 | Elf:1    | Killed from afar by a deep elf conjurer

Action                   |  1- 3 |  4- 6 |  7- 9 | 10-12 | 13-15 || total
-------------------------+-------+-------+-------+-------+-------++-------
Melee: Dagger            |     3 |    31 |    74 |   222 |   214 ||   544
 Cast: Magic Dart        |    92 |    83 |   429 |   518 |    43 ||  1165
       Call Imp          |     4 |     3 |       |       |       ||     7
       Mephitic Cloud    |     2 |    10 |    30 |    54 |    19 ||   115
       Repel Missiles    |     1 |       |     1 |     1 |       ||     3
       Conjure Flame     |       |     7 |    65 |   113 |    52 ||   237
       Blink             |       |       |    18 |    24 |    17 ||    59
       Animate Skeleton  |       |       |       |    76 |   113 ||   189
       Fireball          |       |       |       |    73 |   297 ||   370
       Lightning Bolt    |       |       |       |    24 |    33 ||    57
       Bolt of Magma     |       |       |       |       |    63 ||    63
       Iron Shot         |       |       |       |       |    21 ||    21
       Bolt of Fire      |       |       |       |       |    91 ||    91
       Lee's Rapid Decon |       |       |       |       |    34 ||    34
       Force Lance       |       |       |       |       |     7 ||     7
Invok: Channel Energy    |       |       |       |    13 |    30 ||    43
       Forget Spell      |       |       |       |       |     1 ||     1
Evoke: Wand              |       |       |       |     1 |     1 ||     2
  Use: Scroll            |       |       |    22 |    19 |    13 ||    54
       Potion            |       |       |     1 |       |     4 ||     5
 Stab: Sleeping          |     1 |     1 |       |     1 |       ||     3
       Confused          |       |     3 |     4 |     9 |     1 ||    17
       Distracted        |       |       |       |       |     1 ||     1
  Eat: Chunk             |     4 |     5 |    13 |    37 |    56 ||   115
       Royal jelly       |       |       |     1 |       |       ||     1
       Bread ration      |       |       |     1 |       |       ||     1
       Fruit             |       |       |     1 |     4 |     2 ||     7
       Pizza             |       |       |       |       |     2 ||     2
